 Dungeon Crawl Stone Soup version 0.17.0 (webtiles) character file.

186 patrick the Insei (level 5, -6/28 HPs)
             Began as a Vine Stalker Monk on Nov 19, 2015.
             Killed from afar by an orc wizard (8 damage)
             ... with a puff of flame
             ... on level 4 of the Dungeon.
             The game lasted 00:04:38 (3079 turns).

patrick the Insei (Vine Stalker Monk)               Turns: 3079, Time: 00:04:38

Health: -6/28      AC:  2    Str: 14    XL:     5   Next: 65%
Magic:  0/6        EV: 13    Int: 11    God:
Gold:   216        SH:  0    Dex: 16    Spells: 0 memorised, 4 levels left

rFire  . . .     SeeInvis .       - Unarmed
rCold  . . .     Clarity  .     a - +0 robe
rNeg   . . .     SustAt   +     (no shield)
rPois  +         Gourm    .     (no helmet)
rElec  .         Spirit   +     (no cloak)
rCorr  .         Warding  .     (no gloves)
rMut   .         Stasis   .     (no boots)
MR     .....                    (no amulet)
Stlth  +++.......               h - ring of poison resistance
                                c - ring of sustain attributes

@: not resistant to hostile enchantments, fairly stealthy
A: fangs 2, regeneration 1, magic shield, antimagic bite, no device heal 3, rot
immunity
a: no special abilities


You were on level 4 of the Dungeon.
You were not hungry.

You visited 2 branches of the dungeon, and saw 5 of its levels.

You collected 216 gold pieces.

Inventory:

Armour
 a - a +0 robe (worn)
Jewellery
 c - a ring of sustain attributes (left hand)
 h - a ring of poison resistance (right hand)
 p - an uncursed amulet of regeneration {unknown}
Wands
 l - a wand of random effects (30)
Scrolls
 d - 2 scrolls of teleportation {unknown}
 e - 2 scrolls of remove curse {unknown}
 f - 4 scrolls of identify {unknown}
 i - 3 scrolls of enchant armour {unknown}
 j - a scroll of magic mapping {unknown}
 n - a scroll of enchant weapon {unknown}
Potions
 g - 3 potions of brilliance
 m - a potion of curing
Comestibles
 b - 2 bread rations
 k - a meat ration
 o - 3 beef jerkies


   Skills:
 + Level 3.3 Fighting
 + Level 3.0 Dodging
 + Level 4.0 Stealth
 * Level 5.4 Unarmed Combat


You had 4 spell levels left.
You didn't know any spells.

Dungeon Overview and Level Annotations

Branches:
Dungeon (4/15)             Temple (1/1) D:4

Altars:
Cheibriados
Elyvilon
Gozag
Kikubaaqudgha
Makhleb
Nemelex Xobeh
Ru
Vehumet

Annotations:
D:3 Grinder, Sigmund


Innate Abilities, Weirdness & Mutations

You have extremely sharp teeth.
Your natural rate of healing is unusually fast.
When hurt, damage is shared between your health and your magic reserves.
Your bite disrupts and absorbs the magic of your enemies.
Potions and wands cannot restore your health.
You are immune to rotting.


Message History

Deactivating autopickup; reactivate with Ctrl-A.
Something hits you but does no damage.
You closely miss something. Something hits you.
You closely miss something. You bite something. Something hits you.
* * * LOW HITPOINT WARNING * * *
You closely miss something. You punch something.
Something hits you but does no damage.
You closely miss something. You bite something.
Something hits you but does no damage.
You hit something but do no damage. Your bite misses something.
You hear some strange, mumbled words.
A puff of flame appears from out of thin air!
The puff of flame hits you!
* * * LOW HITPOINT WARNING * * *
Something barely misses you.
You miss something.
You hear some strange, mumbled words.
A puff of flame appears from out of thin air!
The puff of flame hits you!
You die...

##..###..###..#####+##.....#.
######+###..###..####...#..>..#.
.......<.....#.....#....#.....+.
.............'.....#....#.....##
.............#.....#....#.......
.............#.....#....#.......
.............#.....#....#.......
.............#.....'....#.......
#.##...##...##@##.####'#.......
#...##...##{######........##
.............o.#...#........#
o................#...#........#
..o..............#...#........#
.................#...#........#
.................#...#........#
...........(.....#...#........#
.............#...'........#


You could see an orc.

Vanquished Creatures
  An orc priest (D:3)
  8 adders
  2 oozes
  An adder skeleton (D:4)
  4 worms
  2 giant geckos (D:3)
  6 orcs (D:3)
  2 ball pythons
  3 hobgoblins
  2 jackals (D:3)
  A quokka (D:3)
  9 bats
  4 giant newts
  6 goblins
  8 kobolds
  A quokka skeleton (D:4)
  4 rats
64 creatures vanquished.

Notes
Turn   | Place    | Note
--------------------------------------------------------------
     0 | D:1      | patrick the Vine Stalker Monk began the quest for the Orb.
     0 | D:1      | Reached XP level 1. HP: 11/11 MP: 2/2
   167 | D:1      | Reached XP level 2. HP: 16/16 MP: 3/3
   847 | D:2      | Reached XP level 3. HP: 15/19 MP: 1/4
  1462 | D:2      | Reached XP level 4. HP: 23/23 MP: 5/5
  1631 | D:3      | Noticed Sigmund
  1832 | D:3      | Reached skill level 5 in Unarmed Combat
  1958 | D:3      | Reached XP level 5. HP: 17/28 MP: 6/6
  2486 | D:3      | Noticed Grinder
  2575 | D:4      | Found a staircase to the Ecumenical Temple.
  2595 | Temple   | Entered the Ecumenical Temple
  3079 | D:4      | Killed from afar by an orc wizard

Action                   |  1- 3 |  4- 6 || total
-------------------------+-------+-------++-------
Melee: Unarmed           |    88 |   111 ||   199
  Use: Potion            |     3 |     2 ||     5
 Stab: Sleeping          |     5 |     7 ||    12
       Distracted        |     1 |       ||     1
  Eat: Chunk             |     1 |     6 ||     7
